AoeStats
← Uchia Itachi

Arabia

505154503Analyzed
1v1 RM · 25d ago on Sep 8, 2026· 53m 46s· 2 players
Game mode
Random Map
Map size
Tiny (2 player)
Population
200
Speed
Normal
Resources
Standard
Victory
Conquest
Starting age
Dark Age
Ending age
Imperial Age
RankedLock teamsTeams togetherTeam positionsShared explorationLock speedFull tech treeHidden civsTurbo modeCheats
Victory
Defeat
🇺🇸 Britons · United States
269
+10
🇵🇪 Gurjaras · Peru
140
-10
Teddyrama
15:12 Feudal Age
15:54 Town Watch
20:15 Wheelbarrow
19:56 Fletching
20:08 Scale Mail Armor
22:24 Bloodlines
21:42 Man-at-Arms
25:28 Padded Archer Armor
25:34 Scale Barding Armor
31:08 Castle Age
30:28 Double-Bit Axe
33:23 Husbandry
34:25 Bow Saw
33:59 Long Swordsman
41:06 Leather Archer Armor
40:46 Bodkin Arrow
41:02 Forging
41:07 Chain Mail Armor
41:17 Chain Barding Armor
47:03 Chain Mail Armor
47:23 Iron Casting
54:42 Imperial Age
Uchia Itachi
5:14 Loom
10:43 Feudal Age
11:23 Horse Collar
11:30 Double-Bit Axe
17:52 Forging
19:53 Wheelbarrow
21:48 Castle Age
20:06 Gold Mining
20:10 Fletching
25:00 Iron Casting
23:52 Pikeman
24:54 Heavy Plow
25:07 Bow Saw
25:23 Light Cavalry
26:16 Stone Mining
26:35 Scale Barding Armor
29:42 Hand Cart
32:03 Husbandry
32:10 Padded Archer Armor
32:31 Chain Barding Armor
32:08 Bodkin Arrow
34:13 Ballistics
38:10 Imperial Age
38:37 Yeomen
42:48 Halberdier
49:07 Elite Longbowman
50:31 Gold Shaft Mining
Connection lost

Rejoining the realm…

Still unreachable

The connection could not be restored.

Session expired

The server has moved on; the page needs a fresh start.